 Dungeon Crawl Stone Soup version 0.25-b1-46-gb8a1ec05df (webtiles) character file.

Game seed: 9490547002631112772

1087 grindst0ne the Charmwright (level 8, 0/63 HPs)
             Began as a Gnoll Skald on June 10, 2020.
             Was an Initiate of Makhleb.
             Splashed by a jelly's acid (10 damage)
             ... on level 5 of the Dungeon.
             The game lasted 00:07:19 (5286 turns).

grindst0ne the Charmwright (Gnoll Skald)            Turns: 5286, Time: 00:07:19

Health: 0/63       AC:  8    Str: 14    XL:     8   Next: 30%
Magic:  11/16      EV: 15    Int: 16    God:    Makhleb [......]
Gold:   311        SH:  0    Dex: 14    Spells: 13/18 levels left

rFire    . . .     SeeInvis .   q - +1 flail (protect)
rCold    . . .     Gourm    .   (no shield)
rNeg     . . .     Faith    .   b - +0 leather armour
rPois    .         Spirit   .   (no helmet)
rElec    .         Reflect  .   o - +0 cloak
rCorr    .         Harm     .   (no gloves)
MR       .....                  (no boots)
Stlth    +++.......             (no amulet)
HPRegen  0.20/turn              h - ring of wizardry
MPRegen  0.15/turn              l - ring of stealth

@: about to teleport, infused (expiring), singing, corroded, protection aura
A: distributed training, fangs 1, dopey 1, shaggy fur 1, strong nose
a: Renounce Religion


You were on level 5 of the Dungeon.
You worshipped Makhleb.
Makhleb was noncommittal.
You were hungry.

You visited 1 branch of the dungeon, and saw 5 of its levels.

You collected 311 gold pieces.

Inventory:

Hand Weapons
 q - a +1 flail of protection (weapon)
 r - a +0 lajatang
Missiles
 c - 12 atropa-tipped darts (quivered)
Armour
 b - a +0 leather armour (worn)
 o - a +0 cloak (worn)
 t - a +0 scale mail
Jewellery
 e - an uncursed amulet of guardian spirit {unknown}
 h - a ring of wizardry (left hand)
 l - a ring of stealth (right hand)
 s - an uncursed ring of resist corrosion
Wands
 f - a wand of flame (10)
Scrolls
 j - a scroll of amnesia
 m - 2 scrolls of blinking
 n - 2 scrolls of fog
 p - a scroll of teleportation
Potions
 a - a potion of curing
 g - a potion of invisibility
 i - a potion of haste
 k - 2 potions of lignification
 v - 2 potions of might
Comestibles
 d - 11 rations
 u - 4 chunks of flesh


   Skills:
 + Level 5.6 Fighting
 + Level 3.1 Short Blades
 + Level 3.1 Long Blades
 + Level 5.6 Axes
 + Level 3.1 Maces & Flails
 + Level 3.1 Polearms
 + Level 3.1 Staves
 + Level 3.1 Slings
 + Level 3.1 Bows
 + Level 3.1 Crossbows
 + Level 3.1 Throwing
 + Level 4.1 Armour
 + Level 5.6 Dodging
 + Level 3.1 Stealth
 + Level 3.1 Shields
 + Level 3.1 Unarmed Combat
 + Level 5.9 Spellcasting
 + Level 2.5 Conjurations
 + Level 2.5 Hexes
 + Level 6.0 Charms
 + Level 2.5 Summonings
 + Level 2.5 Necromancy
 + Level 2.5 Translocations
 + Level 2.5 Transmutations
 + Level 2.5 Fire Magic
 + Level 2.5 Ice Magic
 + Level 2.5 Air Magic
 + Level 2.5 Earth Magic
 + Level 2.5 Poison Magic
 + Level 3.4 Invocations
 + Level 3.1 Evocations


You had 13 spell levels left.
You knew the following spells:

 Your Spells              Type           Power        Failure   Level  Hunger
a - Infusion              Chrm           ###.         1%          1    None
b - Song of Slaying       Chrm           ###.....     1%          2    #......
c - Shroud of Golubria    Chrm/Tloc      ###...       1%          2    #......

Your spell library contained the following spells:

 Spells                   Type           Power        Failure   Level  Hunger
 Ozocubu's Armour         Chrm/Ice       ###.....     3%          3    ##.....
 Spectral Weapon          Hex/Chrm       ###.....     3%          3    ##.....
 Iskenderun's Mystic Bla  Conj/Tloc      ##......     24%         4    ####...
 Summon Mana Viper        Hex/Summ       ##......     52%         5    ######.
 Controlled Blink         Tloc           N/A          100%        8    #######


Dungeon Overview and Level Annotations

Branches:
Dungeon (5/15)
 Temple: D:4-7

Altars:
Makhleb


Innate Abilities, Weirdness & Mutations

Your experience applies equally to all skills.
You have very sharp teeth.
Your uncanny sense of smell can sniff out nearby items.
You are dopey. (Int -2)
You are covered in fur. (AC +1)


Message History

You kill the orc priest!
Makhleb accepts your kill.
Your magical infusion is running out.
The orc closely misses you.
The orc warrior hits you with a cursed -1 flail!
The jelly barely misses you. The orc closely misses you.
The orc warrior hits you with a cursed -1 flail!
* * * LOW HITPOINT WARNING * * *
Your shroud falls apart!
Things that are here:
a +0 scale mail; an orc corpse Eat one of 4 chunks of flesh? (ye/n/q)
Okay, then.
As you read the scroll of teleportation, it crumbles to dust.
You feel strangely unstable. The orc hits you but does no damage.
The ooze barely misses you. The jelly hits you.
* * * LOW HITPOINT WARNING * * *
The acid corrodes you!
You are splashed with acid!
You die...

####.88.###.# #.##
[. #....# #.####.##
... ###### #.##....#
....
##.......###....
..........##.#......
..#.......##........
#........#........
......#...oJ.......
...........@o.......
...#........J.......
...##...............
................
................
................
#....#..........
....##.........


You could see an orc warrior, a jelly, an ooze and an orc.

Vanquished Creatures
  Sigmund (D:2)
  A water moccasin (D:5)
  A sky beast (D:5)
  2 centaurs (D:5)
  A howler monkey (D:5)
  A hound (D:5)
  An orc priest (D:5)
  3 orc wizards
  Crazy Yiuf (D:3)
  4 worker ants
  An iguana (D:4)
  4 gnolls (D:3)
  7 adders
  3 oozes
  An adder skeleton (D:4)
  A worm (D:2)
  3 dart slugs
  2 leopard geckos (D:5)
  14 orcs
  A ball python (D:5)
  4 giant cockroaches
  8 goblins
  8 hobgoblins
  8 jackals
  10 kobolds
  5 quokkas
  3 bats
  6 frilled lizards
  A jackal zombie (D:5)
  A quokka skeleton (D:5)
  11 rats
118 creatures vanquished.

Notes
Turn   | Place    | Note
-------+----------+-------------------------------------------
     0 | D:1      | grindst0ne the Gnoll Skald began the quest for the Orb.
     0 | D:1      | Reached XP level 1. HP: 20/20 MP: 6/6
   519 | D:1      | Reached XP level 2. HP: 22/26 MP: 7/7
   920 | D:1      | Reached XP level 3. HP: 27/31 MP: 9/9
   929 | D:1      | Learned a level 2 spell: Song of Slaying
   932 | D:1      | Learned a level 2 spell: Shroud of Golubria
  1081 | D:1      | Reached skill level 5 in Spellcasting
  1767 | D:2      | Reached skill level 1 in Invocations
  1824 | D:2      | Reached skill level 1 in Short Blades
  1824 | D:2      | Reached skill level 1 in Long Blades
  1824 | D:2      | Reached skill level 1 in Maces & Flails
  1824 | D:2      | Reached skill level 1 in Polearms
  1824 | D:2      | Reached skill level 1 in Staves
  1824 | D:2      | Reached skill level 1 in Slings
  1824 | D:2      | Reached skill level 1 in Bows
  1824 | D:2      | Reached skill level 1 in Crossbows
  1824 | D:2      | Reached skill level 1 in Throwing
  1824 | D:2      | Reached skill level 1 in Stealth
  1824 | D:2      | Reached skill level 1 in Shields
  1824 | D:2      | Reached skill level 1 in Unarmed Combat
  1824 | D:2      | Reached skill level 1 in Evocations
  1827 | D:2      | Reached XP level 4. HP: 28/38 MP: 0/11
  1956 | D:2      | Noticed Sigmund
  1959 | D:2      | Gained mutation: You are dopey. (Int -2) [potion of
                  | mutation]
  1959 | D:2      | Gained mutation: You are covered in fur. (AC +1) [potion of
                  | mutation]
  1970 | D:2      | Killed Sigmund
  1970 | D:2      | Reached skill level 1 in Conjurations
  1970 | D:2      | Reached skill level 1 in Hexes
  1970 | D:2      | Reached skill level 1 in Summonings
  1970 | D:2      | Reached skill level 1 in Necromancy
  1970 | D:2      | Reached skill level 1 in Translocations
  1970 | D:2      | Reached skill level 1 in Transmutations
  1970 | D:2      | Reached skill level 1 in Fire Magic
  1970 | D:2      | Reached skill level 1 in Ice Magic
  1970 | D:2      | Reached skill level 1 in Air Magic
  1970 | D:2      | Reached skill level 1 in Earth Magic
  1970 | D:2      | Reached skill level 1 in Poison Magic
  1970 | D:2      | Reached XP level 5. HP: 33/43 MP: 3/12
  1970 | D:2      | Reached XP level 6. HP: 39/50 MP: 3/13
  2481 | D:3      | Found a runed translucent door.
  2482 | D:3      | Noticed Crazy Yiuf
  2489 | D:3      | Killed Crazy Yiuf
  2562 | D:3      | Reached skill level 5 in Fighting
  2562 | D:3      | Reached skill level 5 in Axes
  2562 | D:3      | Reached skill level 5 in Dodging
  3596 | D:4      | Identified the Guide on the Unstable Escort
  3776 | D:4      | Reached XP level 7. HP: 43/56 MP: 7/15
  4458 | D:5      | Entered Level 5 of the Dungeon
  4609 | D:5      | Found a burning altar of Makhleb.
  4617 | D:5      | Became a worshipper of Makhleb the Destroyer
  5040 | D:5      | Reached XP level 8. HP: 58/63 MP: 0/16
  5045 | D:5      | Reached skill level 6 in Charms
  5286 | D:5      | Splashed by a jelly's acid

Illustrated notes

Levels and vault maps discovered:
D:1:      lemuel_arrival_rhombus, layout_basic
D:2:      layout_rooms, uniq_sigmund
D:3:      layout_loops_ring, uniq_crazy_yiuf_cottage
D:4:      layout_layer_cave, first_ration
D:5:      minmay_chambers_of_fours, layout_cave_pools,
          makhleb_blood_cavern_becter

Skill      XL: |  1  2  3  4  5  6  7  8 |
---------------+-------------------------+-----
Spellcasting   | 5 |  5.9
Invocations    | 1 2 3 |  3.4
Short Blades   | 1 2 3 |  3.1
Long Blades    | 1 2 3 |  3.1
Maces & Flails | 1 2 3 |  3.1
Polearms       | 1 2 3 |  3.1
Staves         | 1 2 3 |  3.1
Slings         | 1 2 3 |  3.1
Bows           | 1 2 3 |  3.1
Crossbows      | 1 2 3 |  3.1
Throwing       | 1 2 3 |  3.1
Stealth        | 1 2 3 |  3.1
Shields        | 1 2 3 |  3.1
Unarmed Combat | 1 2 3 |  3.1
Evocations     | 1 2 3 |  3.1
Armour         | 3 4 |  4.1
Conjurations   | 1 2 |  2.5
Hexes          | 1 2 |  2.5
Summonings     | 1 2 |  2.5
Necromancy     | 1 2 |  2.5
Translocations | 1 2 |  2.5
Transmutations | 1 2 |  2.5
Fire Magic     | 1 2 |  2.5
Ice Magic      | 1 2 |  2.5
Air Magic      | 1 2 |  2.5
Earth Magic    | 1 2 |  2.5
Poison Magic   | 1 2 |  2.5
Fighting       | 5 |  5.6
Axes           | 5 |  5.6
Dodging        | 5 |  5.6
Charms         | 6 |  6.0

Action                   |  1- 3 |  4- 6 |  7- 9 || total
-------------------------+-------+-------+-------++-------
Melee: Hand axe          |   110 |    34 |       ||   144
       Bite              |    10 |     9 |     9 ||    28
       Punch             |     1 |     3 |     2 ||     6
       Flail             |       |    68 |   119 ||   187
       Quarterstaff      |       |     7 |       ||     7
 Cast: Infusion          |     3 |    13 |     9 ||    25
       Shroud of Golubri |     1 |     7 |     8 ||    16
       Song of Slaying   |     1 |     4 |     8 ||    13
  Use: Potion            |       |     5 |       ||     5
       Scroll            |       |       |     8 ||     8
 Stab: Sleeping          |     1 |     3 |     2 ||     6
  Eat: Chunk             |     3 |     6 |     5 ||    14
Armor: Leather armour    |    15 |    35 |    64 ||   114
Dodge: Dodged            |    53 |   108 |   130 ||   291
